[Event "Late-Titled-Tuesday-Blitz-November-28-2023"]
[Site "Chess.com"]
[Date "2023.11.28"]
[Round "9"]
[White "picturesquecheck"]
[Black "FuenfgegenWilly"]
[Result "1-0"]
[WhiteElo "2387"]
[BlackElo "2479"]
[TimeControl "180+1"]
[EndTime "15:41:40 PST"]
[Termination "picturesquecheck won by checkmate"]

1. e4 e5 2. Nf3 Nc6 3. Bb5 a6 4. Ba4 d6 5. O-O Bd7 6. d3 Nge7 7. Re1 Ng6 8. c4 Be7 9. Nc3 h6 10. Be3 Bg5 11. a3 Qf6 12. Nd5 Qd8 13. b4 Bxe3 14. Rxe3 Nce7 15. Bxd7+ Qxd7 16. d4 O-O 17. dxe5 Nxd5 18. Qxd5 Nf4 19. Qd1 Qg4 20. Qf1 Rae8 21. exd6 cxd6 22. Nd2 f5 23. h3 Qg5 24. Rae1 fxe4 25.
Nxe4 Rxe4 26. Rxe4 Nxh3+ 27. Kh2 Nxf2 28. Qe2 Nxe4 29.
Qxe4 Rf4 30. Qe6+ Kh7 31. Kg1 Rg4 32. Qe2 Qf4 33. Qd3+ Kg8 34. Qd5+ Kf8 35. Rf1 Qxf1+ 36. Kxf1 Rf4+ 37. Kg1 Rf7 38. Qxd6+ Ke8 39. c5 Rd7 40. Qe5+ Kd8 41. a4 Rc7 42. b5 axb5 43. axb5 Re7 44. Qd6+ Rd7 45. Qf8+ Kc7 46. Qf4+ Kc8 47. b6 g5 48.
Qf8+ Rd8 49. Qxh6 Kb8 50. Qxg5 Rc8 51. Qe5+ Ka8 52. Qa1+ Kb8 53. Qa7# 1-0

[Event "Late-Titled-Tuesday-Blitz-November-28-2023"]
[Site "Chess.com"]
[Date "2023.11.28"]
[Round "9"]
[White "mind1mover"]
[Black "vladgoncharov"]
[Result "0-1"]
[WhiteElo "2746"]
[BlackElo "2635"]
[TimeControl "180+1"]
[EndTime "15:41:43 PST"]
[Termination "vladgoncharov won on time"]

1. e4 e6 2. b3 c5 3. Bb2 Nc6 4. Nf3 d5 5. Nc3 d4 6. Nb1 Nf6 7. d3 e5 8. Nbd2 Bd6 9. g3 Qe7 10. Bg2 Bg4 11. h3 Be6 12. Ng5 Bc8 13. h4 h6 14.
Ngf3 Bg4 15. Bh3 h5 16. Bxg4 hxg4 17. Nh2 Qd7 18. f3 gxf3 19. Qxf3 O-O-O 20. O-O-O Kb8 21. Rdf1 Bc7 22. Qf5 Qe7 23. Ng4 Nxg4 24. Qxg4 f6 25.
h5 b5 26. Qg6 Rh6 27. Qf5 Rdh8 28. g4 Qd6 29. Ba3 Ne7 30. Qf2 Ba5 31. Qe2 Bxd2+ 32.
Qxd2 Kb7 33. Kb1 a6 34. Rhg1 Nc6 35. g5 Rxh5 36. gxf6 gxf6 37. Rg7+ Kb6 38. Rg6 Rh1 39. Qg2 Rxf1+ 40. Qxf1 Rf8 41. Qh3 Qe7 42. Qh6 Rf7 43.
Qh8 Rh7 44. Qxf6 Qxf6 45. Rxf6 Rh1+ 46. Bc1 c4 47. bxc4 bxc4 48. dxc4 Kc5 49. Kb2 Na5 50. Rxa6 Nxc4+ 51. Kb1 Kb4 0-1

[Event "Late-Titled-Tuesday-Blitz-November-28-2023"]
[Site "Chess.com"]
[Date "2023.11.28"]
[Round "9"]
[White "zajka-molotok"]
[Black "KNVB"]
[Result "1-0"]
[WhiteElo "2550"]
[BlackElo "2665"]
[TimeControl "180+1"]
[EndTime "15:41:43 PST"]
[Termination "zajka-molotok won on time"]

1. e4 e5 2. Nf3 Nc6 3. Nc3 Nf6 4. Bb5 Bb4 5. O-O O-O 6. Bxc6 bxc6 7. Nxe5 Re8 8. Nd3 Bxc3 9. dxc3 Nxe4 10. Bf4 d6 11. Re1 Bf5 12. Qf3 Qd7 13. h3 c5 14. Re2 c4 15. Nb4 Qb5 16. a4 Qb7 17. a5 a6 18.
Rae1 c5 19. Nd3 Qd7 20. Nc1 Rab8 21. b3 h6 22. bxc4 Bg6 23. Nb3 Re6 24. Rxe4 Rxe4 25. Rxe4 Bxe4 26. Qxe4 Re8 27. Qd5 Qe6 28. Qxd6 Qxc4 29.
Be3 Qxc3 30. Qxc5 Qb2 31. Qc6 Qb1+ 32. Kh2 Rf8 33. Nd4 Qa1 34. Qxa6 Qc3 35. Qb6 Ra8 36.
a6 Qa3 37. Nf5 Rxa6 38. Qd8+ Kh7 39. Qd4 Rg6 40. c4 Kg8 41. Qd8+ Kh7 42. Ne7 Qa8 43. Qxa8 1-0

[Event "Late-Titled-Tuesday-Blitz-November-28-2023"]
[Site "Chess.com"]
[Date "2023.11.28"]
[Round "9"]
[White "RodokininEV"]
[Black "andrzej"]
[Result "1/2-1/2"]
[WhiteElo "2579"]
[BlackElo "2480"]
[TimeControl "180+1"]
[EndTime "15:41:44 PST"]
[Termination "Game drawn by repetition"]

1. d4 d5 2. c4 dxc4 3. Qa4+ Nc6 4. Nf3 Nf6 5. Nc3 Nd5 6. Qxc4 Ndb4 7. Qb3 Be6 8. Qd1 Nxd4 9. Nxd4 Qxd4 10. Bd2 O-O-O 11. e3 Nd3+ 12. Bxd3 Qxd3 13. Rc1 Kb8 14. Qe2 Bc4 15. Qxd3 Bxd3 16. f3 e6 17. Kf2 Bc5 18. Rhd1 a6 19.
Na4 Ba7 20. Nc5 Bb5 21. b4 Rd6 22. Bc3 Bxc5 23. bxc5 Rxd1 24. Rxd1 f6 25. h4 Kc8 26.
h5 h6 27. Rd4 Rd8 28. Rg4 Rd7 29. e4 e5 30. f4 Rd3 31. Rg3 Rxg3 32. Kxg3 exf4+ 33. Kxf4 Kd7 34. Kf5 Ke7 35. Kg6 Kf8 36. g4 Bd7 37. e5 Be8+ 38. Kh7 Kf7 39. exf6 gxf6 40. Kxh6 Bd7 41. g5 fxg5 42. Kxg5 Be6 43. h6 Kg8 44. Kf6 Bxa2 45. Ke7 Kh7 46. Kd7 Kxh6 47. Kxc7 Bd5 48. Ba5 Bc6 49. Kb6 Kg6 50. Bc3 Kf5 51. Ka5 Ke4 52.
Bg7 Kd5 53. Bf8 Kc4 54. Bd6 Kd5 55. Bf8 Ke6 56. Bd6 Kd7 57. Bf8 Kc7 58. Bd6+ Kd8 59. Bf4 Kd7 60. Bg3 Ke6 61. Bf2 Kd5 62. Bg1 Kc4 63.
Bf2 Kb3 64. Bg1 Ka3 65. Bf2 Kb3 66. Bg1 Ka3 67. Bf2 Kb3 1/2-1/2

[Event "Late-Titled-Tuesday-Blitz-November-28-2023"]
[Site "Chess.com"]
[Date "2023.11.28"]
[Round "9"]
[White "jcmesafischer"]
[Black "Walter_White_Poland"]
[Result "1-0"]
[WhiteElo "2365"]
[BlackElo "2361"]
[TimeControl "180+1"]
[EndTime "15:41:45 PST"]
[Termination "jcmesafischer won by resignation"]

1. e4 e5 2. Nf3 Nc6 3. Bc4 Nf6 4.
d3 d5 5. exd5 Nxd5 6. Qe2 Bg4 7.
c3 f6 8. h3 Be6 9. d4 Qd7 10.
dxe5 O-O-O 11. Bb5 a6 12. Ba4 Nb6 13. Bb3 Bxb3 14.
axb3 Nxe5 15. Nxe5 fxe5 16. Bg5 Re8 17. Nd2 Bd6 18. Ne4 h6 19. Be3 Qc6 20. Bxb6 Qxb6 21. b4 Rhf8 22. O-O Kb8 23. Rad1 Re6 24. Rd5 Rfe8 25.
b5 Bf8 26. bxa6 Qxa6 27. c4 Qb6 28. Rb5 Qc6 29. Nc3 Rd8 30. Nd5 Red6 31. Ra1 Rxd5 32. Rxd5 Rxd5 33. cxd5 Qxd5 34. Rd1 Qc6 35. Rd8+ Ka7 36.
Rxf8 Qc1+ 37. Kh2 Qc6 38. Rf3 e4 39. Ra3+ Kb8 40. Qd2 Qd6+ 41. Qxd6 cxd6 42. Re3 d5 43. Rg3 Kc7 44. Rxg7+ Kd6 45. Rg6+ Ke5 46. Rxh6 d4 47. Rh8 d3 48. Rd8 b5 49. Kg3 1-0

[Event "Late-Titled-Tuesday-Blitz-November-28-2023"]
[Site "Chess.com"]
[Date "2023.11.28"]
[Round "9"]
[White "Rodalquilar"]
[Black "TrenerChos"]
[Result "1-0"]
[WhiteElo "2752"]
[BlackElo "2596"]
[TimeControl "180+1"]
[EndTime "15:41:48 PST"]
[Termination "Rodalquilar won on time"]

1. d4 d5 2. Nf3 Nf6 3. Bf4 g6 4. e3 Bg7 5. Be2 O-O 6. O-O c5 7. c3 Nc6 8. Nbd2 Qb6 9. Qb3 Qa5 10. dxc5 Qxc5 11. h3 Nd7 12. Rfd1 e5 13. Bh2 Qa5 14. Qc2 h6 15. Nb3 Qa4 16. Rxd5 Nb6 17. Bb5 Bf5 18. Bxa4 Bxc2 19. Bxc6 bxc6 20. Rd2 Be4 21.
Bxe5 f6 22. Bg3 Rfd8 23. Rad1 Rxd2 24. Rxd2 Nc4 25. Rd4 Bd5 26. e4 Bf7 27. Rd7 Re8 28.
Nbd4 c5 29. Nc6 Rxe4 30. b3 Nb6 31. Rxa7 h5 32. h4 Nd5 33. c4 Nc3 34. Ne7+ Kh8 35. Bd6 Re2 36. Bxc5 Nxa2 37. Bd4 Nc1 38. Nd5 Bxd5 39.
cxd5 Nxb3 40. d6 Re8 41. d7 Rg8 42. Bb6 1-0

[Event "Late-Titled-Tuesday-Blitz-November-28-2023"]
[Site "Chess.com"]
[Date "2023.11.28"]
[Round "9"]
[White "Goffredo_Fofi"]
[Black "kai_nov"]
[Result "0-1"]
[WhiteElo "2514"]
[BlackElo "2311"]
[TimeControl "180+1"]
[EndTime "15:41:50 PST"]
[Termination "kai_nov won by resignation"]

1. e4 c5 2. d3 Nc6 3. g3 h5 4. h3 d5 5. Nd2 Nf6 6. Bg2 e5 7.
exd5 Nxd5 8. Ngf3 Be7 9. Nc4 f6 10. Nh4 Kf7 11. Be4 g5 12. Nf5 Bxf5 13. Bxf5 h4 14. c3 b5 15. Ne3 Nxe3 16. Bxe3 c4 17.
Be4 Qc7 18. dxc4 Rad8 19. Qe2 b4 20. Qf3 bxc3 21. Bd5+ Kg7 22. bxc3 Na5 23. Rb1 hxg3 24. fxg3 Rb8 25. Rxb8 Rxb8 26. O-O Nxc4 27. Bxg5 Qc5+ 28. Kh1 Rf8 29. Bc1 f5 30. Qg2 e4 31. Bxc4 Qxc4 32. Be3 Qxc3 33. Qf2 Kg6 34. g4 f4 35. Bxf4 Qxh3+ 36. Kg1 Bh4 37. Qg2 Qxg2+ 38. Kxg2 Bg5 39. Bxg5 Rxf1 40.
Kxf1 Kxg5 41. Ke2 Kxg4 42. Ke3 Kf5 43. a4 a5 44. Kd4 Kf4 45. Kc5 e3 46. Kb5 e2 47.
Kxa5 e1=Q+ 48. Kb6 Qb4+ 0-1

[Event "Late-Titled-Tuesday-Blitz-November-28-2023"]
[Site "Chess.com"]
[Date "2023.11.28"]
[Round "9"]
[White "inagreV"]
[Black "LUISMIGUELOV"]
[Result "0-1"]
[WhiteElo "2399"]
[BlackElo "2215"]
[TimeControl "180+1"]
[EndTime "15:41:51 PST"]
[Termination "LUISMIGUELOV won on time"]

1. d4 d5 2. c4 c6 3. Nc3 Nf6 4. e3 Bf5 5. f3 e6 6. g4 Bg6 7. h4 h6 8. Nge2 Be7 9. Nf4 Bh7 10. g5 Ng8 11. g6 Bxg6 12. Nxg6 fxg6 13. Qc2 Bxh4+ 14.
Kd1 Qf6 15. Rxh4 Qxh4 16. Qxg6+ Kf8 17. Qxe6 Qe7 18. Qc8+ Qe8 19. Qxb7 Nd7 20. cxd5 cxd5 21. Nxd5 Rb8 22. Qxa7 Ngf6 23. Bc4 Nxd5 24. Bxd5 Nb6 25.
Be6 Na4 26. b3 Nc3+ 27. Kd2 Nb5 28. Ba3+ Nxa3 29. Qxa3+ Qe7 30. Qa6 Qb4+ 31. Ke2 Qb5+ 32. Qxb5 Rxb5 33. Bc4 Rb6 34. Rg1 g5 35. e4 Ke7 36. e5 Rd8 37. Ke3 Rb7 38. Ke4 Ra7 39. a4 Rad7 40. d5 Rb7 41. Rh1 Rb6 0-1

[Event "Late-Titled-Tuesday-Blitz-November-28-2023"]
[Site "Chess.com"]
[Date "2023.11.28"]
[Round "9"]
[White "VitorBronson"]
[Black "NateSolon"]
[Result "0-1"]
[WhiteElo "2530"]
[BlackElo "2679"]
[TimeControl "180+1"]
[EndTime "15:41:52 PST"]
[Termination "NateSolon won by resignation"]

1. d4 d5 2. c4 c6 3. Nc3 Nf6 4.
Nf3 e6 5. e3 a6 6. Bd3 dxc4 7.
Bxc4 b5 8. Be2 c5 9. O-O Bb7 10.
b3 Nbd7 11. Bb2 Rc8 12. a4 b4 13. Nb1 Be7 14. a5 O-O 15. Nbd2 Nd5 16. Nc4 cxd4 17. Nxd4 Nc5 18. Bf3 Qc7 19. Qe2 Nxb3 20. Nxb3 Qxc4 21.
Qxc4 Rxc4 22. Nd4 Rfc8 23. Rab1 Bd8 24. Be2 R4c5 25. Nb3 R5c7 26. Be5 Rd7 27. Rfc1 Nc3 28.
Bxc3 bxc3 29. Nd4 Bxa5 30. Ra1 Bb6 31. Bxa6 Bxa6 32. Rxa6 Bxd4 33. exd4 Rxd4 34. g3 c2 35. Rxc2 Rcd8 36. Ra7 R4d5 37. Rcc7 Rf5 38. Rc2 h5 39. h3 g5 40. Kg2 Kg7 41. Re2 Kg6 42. Rb7 Rd3 43. Rb8 Kg7 44. Rb7 Rdf3 45. Rb4 Kg6 46. h4 g4 47. Rb8 Kg7 48. Rb7 Kg6 49. Rb8 Rd5 50. Rg8+ Kh7 51. Rb8 Rfd3 52. Rb7 Kg6 53. Rb8 Rd2 54. Re4 Rf5 55. Rf4 Rxf4 56. gxf4 Rd3 57.
Rg8+ Kh7 58. Rg5 Rd5 59. f3 Rxg5 60. fxg5 gxf3+ 61. Kxf3 Kg6 62. Kf4 f6 63. gxf6 Kxf6 64. Ke4 e5 65. Kf3 Kf5 66. Ke3 Kg4 67. Ke4 Kxh4 68.
Kxe5 Kg3 69. Ke4 h4 70. Ke3 h3 71. Ke2 h2 72. Kf1 h1=Q+ 0-1

[Event "Late-Titled-Tuesday-Blitz-November-28-2023"]
[Site "Chess.com"]
[Date "2023.11.28"]
[Round "9"]
[White "Actuary44"]
[Black "Tomytoteph"]
[Result "0-1"]
[WhiteElo "2474"]
[BlackElo "2613"]
[TimeControl "180+1"]
[EndTime "15:41:54 PST"]
[Termination "Tomytoteph won by resignation"]

1. e4 c5 2. d4 cxd4 3. c3 d3 4. Bxd3 Nc6 5. f4 d5 6. e5 Nh6 7.
Nf3 Bg4 8. O-O e6 9. Kh1 Nf5 10.
Qe1 d4 11. cxd4 Bxf3 12. Rxf3 Ncxd4 13. Rf1 Bc5 14. Nc3 O-O 15. Ne4 Be7 16. g4 Nh6 17.
Qg3 Rc8 18. Bd2 Kh8 19. Rad1 f5 20. Nf2 Qd5+ 21. Qg2 Qxg2+ 22. Kxg2 fxg4 23. Be4 b6 24. Bc3 Ndf5 25. Rfe1 Nh4+ 26. Kg3 N6f5+ 27. Kxg4 Bc5 28. Nd3 Be7 29. Nb4 Ng6 30. Nc6 Bc5 31. Nxa7 Rc7 32. Nb5 Rcf7 33. Bxf5 Rxf5 34. Re4 Nxf4 35. Nd6 h5+ 36.
Kg3 Rg5+ 37. Kf3 Nd5+ 38. Ke2 Rg2+ 39. Kd3 b5 40. Rd2 Rf3+ 41. Kc2 Rff2 42. Rxf2 Rxf2+ 43. Kb3 Rxh2 44. Nxb5 h4 45. Nd6 h3 46. Nf7+ Kg8 47.
Ng5 Rh1 48. Ra4 h2 49. Ra8+ Bf8 50. Nxe6 Rf1 51. Nxf8 Rxf8 52. Rxf8+ Kxf8 53. Kc4 Nxc3 54. bxc3 h1=Q 55. a4 g5 56. Kb5 g4 57. a5 g3 0-1

[Event "Late-Titled-Tuesday-Blitz-November-28-2023"]
[Site "Chess.com"]
[Date "2023.11.28"]
[Round "9"]
[White "JaackCamel"]
[Black "TheMagician"]
[Result "1-0"]
[WhiteElo "2080"]
[BlackElo "2280"]
[TimeControl "180+1"]
[EndTime "15:41:56 PST"]
[Termination "JaackCamel won on time"]

1. d4 Nf6 2. c4 e6 3. Nc3 d5 4. cxd5 exd5 5. Bg5 Be7 6. e3 c6 7. Bd3 Nbd7 8. Nge2 b5 9. O-O b4 10. Na4 h6 11. Bh4 a5 12. h3 O-O 13. Rc1 Bb7 14. Bg3 Rc8 15. Qc2 Re8 16. Qb1 Bf8 17. Rfd1 g6 18. b3 Ne4 19. Bh2 Bg7 20. Ng3 Nxg3 21.
Bxg3 Re6 22. Nc5 Nxc5 23. Rxc5 Bf8 24. Rcc1 c5 25. dxc5 Rxc5 26. Rxc5 Bxc5 27. Be2 Re7 28. Bh4 g5 29. Bg3 Bc8 30. Bd3 Be6 31. Be5 Rd7 32. Qb2 d4 33. exd4 Bd6 34. d5 Bxe5 35. Qxe5 Rxd5 36. Qe4 Qd7 37. Qh7+ Kf8 38. Qh8+ Ke7 39. Qxh6 Rxd3 40. Qxg5+ Kf8 41. Qh6+ Ke8 42. Qh8+ Ke7 43. Qh4+ f6 44. Qh7+ Bf7 45. Qxd3 1-0

[Event "Late-Titled-Tuesday-Blitz-November-28-2023"]
[Site "Chess.com"]
[Date "2023.11.28"]
[Round "9"]
[White "mbojan"]
[Black "vi_pranav"]
[Result "0-1"]
[WhiteElo "2859"]
[BlackElo "3050"]
[TimeControl "180+1"]
[EndTime "15:41:57 PST"]
[Termination "vi_pranav won by checkmate"]

1. a3 g6 2. e4 c5 3. b4 Bg7 4. c3 d6 5. Nf3 Nc6 6. b5 Nb8 7. d4 Nf6 8. Bd3 O-O 9. O-O Nbd7 10. Nbd2 Nb6 11. a4 a6 12. Re1 axb5 13. Bxb5 Bd7 14.
Qb3 cxd4 15. cxd4 Ra5 16. Bb2 Nxa4 17. Bxa4 b5 18. Bxb5 Rxb5 19. Qa2 Qb8 20. Bc3 Rc8 21. Rac1 Qb7 22. h3 Nh5 23. Ba1 Ra8 24. Qc2 Nf4 25. Nf1 Ra3 26. Re3 Ra8 27. Ree1 h6 28. d5 Bxa1 29. Rxa1 Rxa1 30. Rxa1 Rb2 31. Ra7 Qb6 32. Qxb2 Qxb2 33. Rxd7 Nd3 34. Ng3 Qxf2+ 35. Kh2 Nf4 36. Nh4 g5 37. Rd8+ Kh7 38. Nh1 Qxh4 39. Rd7 g4 40.
Kg1 Qe1+ 41. Kh2 gxh3 42. Rxe7 hxg2 43. Rxf7+ Kg8 44. Rxf4 gxh1=Q# 0-1

[Event "Late-Titled-Tuesday-Blitz-November-28-2023"]
[Site "Chess.com"]
[Date "2023.11.28"]
[Round "9"]
[White "1800_strength"]
[Black "AryanTari"]
[Result "0-1"]
[WhiteElo "2798"]
[BlackElo "2982"]
[TimeControl "180+1"]
[EndTime "15:41:57 PST"]
[Termination "AryanTari won by resignation"]

1. Nc3 c5 2. e4 Nc6 3. f4 g6 4. Nf3 Bg7 5. Bc4 e6 6. f5 gxf5 7. exf5 d5 8. Bb5 Ne7 9. fxe6 fxe6 10. O-O O-O 11. Bxc6 Nxc6 12. d3 e5 13. Bg5 Qd6 14.
Nb5 Qd7 15. Qd2 a6 16. Nc3 Qd6 17. h3 Bd7 18. Rae1 b5 19. Nd1 Nd4 20. Nh2 Qg6 21. c3 Ne6 22. Bh4 Nf4 23. Kh1 Qxd3 24. Qc1 Qg6 25. Qd2 Nd3 26. Re3 e4 27. Rg3 Qh5 28. Bf6 Rxf6 29. Rxf6 Kh8 30. Rf1 Bh6 31. Qc2 Qe5 32.
Rg4 Re8 33. Qe2 Bg7 34. Rh4 Qg5 35. Rh5 Qg3 36. Ne3 Nf4 37. Rxf4 Qxf4 38. Nxd5 Qc1+ 39. Nf1 Rf8 40. Ne3 b4 41. cxb4 Bb5 42. Qd2 Rxf1+ 43. Nxf1 Qxf1+ 44. Kh2 Bd4 45. bxc5 Qf6 46. b4 e3 47. Qd1 e2 48. Qd2 Be5+ 49. g3 Qf2+ 0-1

[Event "Late-Titled-Tuesday-Blitz-November-28-2023"]
[Site "Chess.com"]
[Date "2023.11.28"]
[Round "9"]
[White "VitaliyChayka"]
[Black "PawnEatingZombie"]
[Result "1-0"]
[WhiteElo "2424"]
[BlackElo "2195"]
[TimeControl "180+1"]
[EndTime "15:42:02 PST"]
[Termination "VitaliyChayka won on time"]

1. d4 Nf6 2. Bf4 g6 3. e3 Bg7 4. h3 d6 5. Nf3 Nbd7 6. Be2 O-O 7. O-O e6 8. c4 Qe7 9. Nc3 a6 10. Bh2 b6 11. a4 Bb7 12. a5 Ne4 13. Nxe4 Bxe4 14.
axb6 cxb6 15. Nd2 Bb7 16. Bf3 Bxf3 17. Nxf3 Rfc8 18. Qb3 e5 19. Ra3 a5 20. Qb5 Rab8 21. Rd1 exd4 22. exd4 Qe2 23. Re1 Qxc4 24. Qxd7 Rd8 25.
Qa4 Rbc8 26. Qxc4 Rxc4 27. Rc3 Rb4 28. b3 Bxd4 29. Nxd4 Rxd4 30. Rc6 b5 31. Ra6 a4 32. bxa4 Rxa4 33. Rxa4 bxa4 34. Ra1 d5 35. Rxa4 d4 36. Bf4 d3 37. Ra2 Kg7 38. f3 h5 39. Kf2 f6 40.
Rd2 g5 41. Bc7 Rd7 42. Bb6 f5 43. f4 g4 44. hxg4 fxg4 45. Ke3 Kg6 46. Rxd3 Re7+ 47. Kf2 Kf5 48. Be3 h4 49. Rd5+ Ke4 50. Rd4+ Kf5 51.
Ra4 h3 52. gxh3 gxh3 53. Kf3 Rh7 54. Ra5+ 1-0

[Event "Late-Titled-Tuesday-Blitz-November-28-2023"]
[Site "Chess.com"]
[Date "2023.11.28"]
[Round "9"]
[White "Hypercar"]
[Black "Meri-Arabidze"]
[Result "0-1"]
[WhiteElo "2535"]
[BlackElo "2687"]
[TimeControl "180+1"]
[EndTime "15:42:04 PST"]
[Termination "Meri-Arabidze won on time"]

1. d4 f5 2. Nf3 Nf6 3. g3 b6 4.
Bg2 Bb7 5. O-O e6 6. c4 a5 7. Nc3 Bb4 8. Qc2 O-O 9. a3 Bxc3 10. Qxc3 a4 11. Bf4 Be4 12. Rad1 Qc8 13. h3 Qb7 14. Nh4 Bxg2 15. Nxg2 d6 16. Bg5 Ne4 17. Qc1 Nd7 18.
h4 Rae8 19. Be3 Nef6 20. Qc2 Qa8 21. Nf4 Ng4 22. d5 Nxe3 23. fxe3 Nc5 24. Nxe6 Nxe6 25. dxe6 g6 26. Rf3 Rxe6 27. Kf2 Re4 28. Rd4 Rfe8 29. Rxe4 Rxe4 30. Rf4 Re5 31. Qd3 Qh1 32. Rf3 Qc1 33.
b4 axb3 34. Qxb3 Rc5 35. Qa4 Qxc4 36. Qe8+ Kg7 37. g4 Re5 38. Qd7+ Qf7 39. Qxf7+ Kxf7 40. e4 Rxe4 41. gxf5 Rxh4 42. fxg6+ Kxg6 43. Rc3 c5 44. Rd3 Rd4 45. Rb3 h5 46. Rxb6 h4 47. a4 Kf5 48.
a5 Ke5 49. Rb8 Ra4 50. Rh8 Kd5 51. a6 Kc6 52. a7 Rxa7 53. Rxh4 Ra3 54. Ke1 d5 55.
Rh8 Kb5 56. Rh4 d4 57. Kd2 Kc4 0-1

[Event "Late-Titled-Tuesday-Blitz-November-28-2023"]
[Site "Chess.com"]
[Date "2023.11.28"]
[Round "9"]
[White "HalfIsCrayfish"]
[Black "Korchmar_Vasiliy"]
[Result "0-1"]
[WhiteElo "2597"]
[BlackElo "2730"]
[TimeControl "180+1"]
[EndTime "15:42:08 PST"]
[Termination "Korchmar_Vasiliy won by resignation"]

1. e4 c5 2. Nc3 d6 3. d4 cxd4 4. Qxd4 Nc6 5. Bb5 Bd7 6. Bxc6 bxc6 7. Bg5 Rb8 8. O-O-O Qb6 9. Qxb6 axb6 10. Nge2 h6 11. Be3 g5 12. h4 g4 13. f4 Bg7 14. Bd4 Nf6 15. Ng3 c5 16. Bxf6 Bxf6 17. Nd5 Bd4 18. c3 Bf2 19. Ne2 g3 20. f5 Bc6 21. Rh3 e6 22. fxe6 fxe6 23. Ndf4 Bxe4 24. Rxd6 Kf7 25. Nxg3 Be3+ 26. Kd1 Bxf4 27. Nxe4 Bxd6 28. Nxd6+ Ke7 29. Nc4 Rhg8 30. g3 b5 31. Ne5 Kd6 32. Nf7+ Kc6 33. Nxh6 Rgf8 34. Ke2 b4 35. c4 Ra8 36. g4 Rxa2 37. Rb3 Rfa8 38. Kd2 R8a3 39. Kc2 Rxb3 40. Kxb3 Ra1 41. g5 Rg1 42. Nf7 Kd7 43.
g6 Ke7 44. h5 Kf6 45. Kc2 Rh1 46. Nd6 Rh2+ 47. Kd3 Rxh5 48. Ne4+ Kxg6 49. Nd6 Kf6 50. b3 Rh3+ 51. Ke4 Rxb3 52. Nb7 Rc3 53. Kf4 Rxc4+ 54.
Ke3 b3 55. Kd3 b2 0-1

[Event "Late-Titled-Tuesday-Blitz-November-28-2023"]
[Site "Chess.com"]
[Date "2023.11.28"]
[Round "9"]
[White "TRadjabov"]
[Black "Hikaru"]
[Result "0-1"]
[WhiteElo "3013"]
[BlackElo "3225"]
[TimeControl "180+1"]
[EndTime "15:42:09 PST"]
[Termination "Hikaru won by resignation"]

1. d4 a6 2. a4 Nf6 3. h3 c5 4. e3 b6 5. Nf3 Bb7 6. c4 e6 7. Nc3 d5 8. cxd5 Nxd5 9. Bd3 cxd4 10.
exd4 Nd7 11. O-O Be7 12. Re1 O-O 13. Qe2 Nb4 14. Bb1 Nf6 15. Bf4 Nfd5 16. Be5 Rc8 17. Ra3 Qd7 18. Bxg7 Nxc3 19. bxc3 Bxf3 20. Qxf3 Kxg7 21.
cxb4 Qxd4 22. Rae3 Qf6 23. Qh5 Qh4 24. Qe2 Bf6 25.
Rg3+ Kh8 26. Qf3 Qh6 27. Kh2 Rc4 28. b5 a5 29. Re4 Rxe4 30. Qxe4 Qh5 31. Rf3 Qe5+ 32. g3 Qxe4 33. Bxe4 Bd4 34. Kg2 f5 35.
Bc6 Kg7 36. Rd3 e5 37. f4 Kf6 38. fxe5+ Bxe5 39. Kf3 h5 40. Rd7 Rg8 41. Bd5 Rxg3+ 42.
Kf2 Rxh3 43. Rf7+ Kg6 44. Rb7 Bd4+ 45. Kg2 Rd3 46. Bf7+ Kg5 47. Rd7 h4 48. Kf1 h3 49. Ke2 Re3+ 50. Kd2 h2 51. Bd5 Bc5 52. Rh7 Re5 53. Bc6 Bg1 54. Rg7+ Kf4 55. Rh7 Rc5 56. Kd3 Rc1 57. Rh4+ Kg5 58. Rh7 Ra1 0-1

[Event "Late-Titled-Tuesday-Blitz-November-28-2023"]
[Site "Chess.com"]
[Date "2023.11.28"]
[Round "9"]
[White "FaustinoOro"]
[Black "Rakitic2010"]
[Result "1-0"]
[WhiteElo "2843"]
[BlackElo "2494"]
[TimeControl "180+1"]
[EndTime "15:42:15 PST"]
[Termination "FaustinoOro won on time"]

1. e4 c5 2. Nf3 e6 3. d4 cxd4 4. Nxd4 a6 5. c4 Nf6 6. Nc3 Qc7 7. a3 b6 8. Be3 Bb7 9. f3 Be7 10. Rc1 O-O 11. Be2 d6 12. O-O Nbd7 13. b4 Rac8 14.
Qb3 Rfe8 15. Rfd1 Qb8 16. Bf2 Bd8 17. Bf1 Bc7 18. g3 h5 19. Bg2 h4 20. Nde2 Ne5 21. Nf4 g5 22. Nd3 g4 23. Nxe5 dxe5 24. Qc2 Bd8 25. Qe2 gxf3 26. Bxf3 Qc7 27. c5 bxc5 28. bxc5 Be7 29. Na4 Qa5 30. Nb6 Rxc5 31. Nc4 Qc7 32. Bxc5 Bxc5+ 33. Kg2 Bd4 34. Nd2 Qb6 35.
Rb1 Qc6 36. Nb3 Bb6 37. Rdc1 Qa4 38. Qc4 Qd7 39. Rd1 Qe7 40. a4 Rc8 41. Qe2 Qb4 42. a5 Ba7 43. Nd2 Qe7 44. Nc4 Bc6 45. Nb6 Bb5 46. Nxc8 Qc7 47. Rxb5 axb5 48. Nxa7 Qxa7 49. Qxb5 h3+ 50. Kxh3 Qf2 51. Qe2 Qc5 52. a6 Kg7 53. Kg2 Qb6 54. Ra1 Qd4 55. Ra2 1-0

[Event "Late-Titled-Tuesday-Blitz-November-28-2023"]
[Site "Chess.com"]
[Date "2023.11.28"]
[Round "9"]
[White "Sulthankan"]
[Black "venturov"]
[Result "0-1"]
[WhiteElo "2379"]
[BlackElo "2482"]
[TimeControl "180+1"]
[EndTime "15:42:15 PST"]
[Termination "venturov won by resignation"]

1. d4 Nf6 2. c4 d6 3. Nc3 Nbd7 4. g3 g6 5. Bg2 Bg7 6. e4 e5 7. h3 O-O 8. Nf3 exd4 9. Nxd4 Nc5 10. O-O Re8 11.
Re1 Bd7 12. b3 Qc8 13. Kh2 Re5 14. g4 Bxg4 15. hxg4 Nxg4+ 16. Kg1 h5 17. f4 Re8 18. Bb2 Qd8 19. Qd2 a5 20. Nd5 c6 21. Ne3 Nxe4 22. Bxe4 Rxe4 23. Nxg4 Rxe1+ 24. Rxe1 hxg4 25. Ne2 Bxb2 26. Qxb2 Qh4 27. Qc3 Re8 28. Kf1 Re4 29. Qg3 Qh5 30.
Ng1 Rxe1+ 31. Qxe1 Qf5 32. Qf2 b5 33. cxb5 cxb5 34.
Kg2 a4 35. bxa4 bxa4 36. Ne2 d5 37. Ng3 Qd3 38. Qe2 Qa3 39. Qe8+ Kg7 40. Qe5+ Kh7 41.
Qe2 d4 42. f5 d3 43. Qxg4 Qxa2+ 44. Kh3 d2 45. fxg6+ fxg6 46. Qd7+ Kg8 47. Ne4 Qf7 48. Qxf7+ Kxf7 49. Nxd2 a3 50. Nb3 a2 51. Kg4 Kf6 52.
Kf4 Ke6 53. Kg5 Kd5 54. Kxg6 Kc4 55. Na1 Kc3 56. Kf5 Kb2 57. Ke4 Kxa1 0-1

[Event "Late-Titled-Tuesday-Blitz-November-28-2023"]
[Site "Chess.com"]
[Date "2023.11.28"]
[Round "9"]
[White "Elsa167"]
[Black "karinachess1"]
[Result "1-0"]
[WhiteElo "2910"]
[BlackElo "2626"]
[TimeControl "180+1"]
[EndTime "15:42:16 PST"]
[Termination "Elsa167 won by resignation"]

1. d4 Nf6 2. c4 e6 3. Nf3 d5 4. Nc3 Be7 5. g3 O-O 6. Bg2 c6 7. O-O b6 8. Ne5 Bb7 9. e4 Nbd7 10. Nxc6 Bxc6 11. exd5 exd5 12. cxd5 Bb7 13. d6 Bxg2 14. dxe7 Qxe7 15. Kxg2 Rad8 16. Qf3 h6 17. a3 Rfe8 18. Bf4 Nf8 19. d5 Qd7 20. Rad1 Ng4 21. Rfe1 Ng6 22. Rxe8+ Rxe8 23. d6 Nxf4+ 24. Qxf4 Nf6 25. Qf3 Re6 26.
Qd3 Ne8 27. Ne4 f5 28. Nc3 Rxd6 29. Qc4+ Kh7 30. Rxd6 Nxd6 31. Qd5 Qb7 32. Qxb7 Nxb7 33. Kf3 Nc5 34. Ke3 Kg6 35. Nb5 a6 36. Nc7 a5 37.
Nd5 Nd7 38. Kd4 Kf7 39. h4 Ke6 40. h5 Kd6 41. b4 axb4 42. axb4 Ke6 43. Nf4+ Kd6 44.
Kc4 Kc7 45. Ne6+ Kd6 46. Nxg7 Nf6 47. Nxf5+ Ke5 48. Nxh6 Ne4 49. Ng4+ Kf5 50. h6 Kg6 51. Kb5 Kf5 52. h7 Nd6+ 53. Kxb6 Nf7 54. Nh6+ Kg6 55. Nxf7 Kg7 56. h8=Q+ 1-0

[Event "Late-Titled-Tuesday-Blitz-November-28-2023"]
[Site "Chess.com"]
[Date "2023.11.28"]
[Round "9"]
[White "noblerone"]
[Black "Sacbutt"]
[Result "1-0"]
[WhiteElo "2483"]
[BlackElo "2346"]
[TimeControl "180+1"]
[EndTime "15:42:16 PST"]
[Termination "noblerone won on time"]

1. d4 Nf6 2. c4 e6 3. Nc3 Bb4 4. Qb3 c5 5. dxc5 Bxc5 6. Nf3 Nc6 7. Bg5 O-O 8. e3 b6 9. Be2 h6 10. Bh4 Be7 11. O-O d6 12. Rfd1 a6 13. Rac1 Bb7 14.
Qc2 Qc7 15. b3 Rac8 16. h3 Rfd8 17. Bg3 Ne5 18. Nxe5 dxe5 19. Qb2 Bb4 20. a3 Rxd1+ 21. Rxd1 Bxc3 22. Qxc3 Ne4 23. Qxe5 Nxg3 24. Qxg3 Qxg3 25. fxg3 Bc6 26. Bf3 Kf8 27. Bxc6 Rxc6 28. Rd8+ Ke7 29. Rb8 a5 30. Kf2 h5 31. Kf3 g6 32. b4 axb4 33.
axb4 Kf6 34. b5 Rxc4 35. Rxb6 Rb4 36. Rb7 Rb2 37. g4 h4 38. g3 hxg3 39. Kxg3 Rb1 40. h4 Rb3 41. Kf4 Rb4+ 42. Kf3 Rb3 43. g5+ Kg7 44. Kg3 Rb4 45. b6 Rb3 46. Kf3 Rb4 47.
Rb8 Rxh4 48. Rc8 Rb4 49. Rc6 Rb3 50. Ke2 Rb4 51. Kd3 Rb5 52. Kc4 Rb1 53. Kc5 Kf8 54.
Kd6 Rd1+ 55. Kc7 Ke7 56. b7 Rb1 57. b8=Q 1-0